 Dungeon Crawl Stone Soup version 0.21.1-1-g345015f (webtiles) character file.

2200 Fang the Cleaver (level 9, 0/56 HPs)
             Began as a Gargoyle Berserker on June 5, 2018.
             Was a Priest of Trog.
             Slain by Prince Ribbit (3 damage)
             ... on level 6 of the Dungeon.
             The game lasted 00:08:58 (5875 turns).

Fang the Cleaver (Gargoyle Berserker)               Turns: 5875, Time: 00:08:59

Health: 0/56       AC: 11    Str: 25    XL:     9   Next: 34%
Magic:  3/3        EV: 13    Int:  7    God:    Trog [***...]
Gold:   242        SH:  0    Dex:  9    Spells: 8/8 levels left

rFire    . . .     SeeInvis .   r - +1 hand axe (antimagic)
rCold    . . .     Gourm    .   (no shield)
rNeg     + + .     Faith    .   b - +1 animal skin
rPois    ∞         Spirit   .   n - +2 hat
rElec    +         Reflect  .   (no cloak)
rCorr    .         Harm     .   (no gloves)
MR       .....                  (no boots)
Stlth    ++........             (no amulet)
HPRegen  0.18/turn              p - ring of flight
MPRegen  0.08/turn              f - ring of positive energy

@: about to teleport, berserk cooldown, slowed, very slow
A: negative energy resistance 1, electricity resistance, unbreathing,
petrification resistance, rot immunity, AC +6
a: Berserk, Trog's Hand, Burn Spellbooks, Renounce Religion, Evoke Flight


You were on level 6 of the Dungeon.
You worshipped Trog.
Trog was most pleased with you.
You were very hungry.

You visited 2 branches of the dungeon, and saw 7 of its levels.

You collected 242 gold pieces.

Inventory:

Hand Weapons
 a - a +1 hand axe
 r - a +1 antimagic hand axe (weapon)
Armour
 b - a +1 animal skin (worn)
 n - a +2 hat (worn)
Jewellery
 f - a ring of positive energy (right hand)
 i - an uncursed ring of resist corrosion
 p - a ring of flight (left hand)
Wands
 m - a wand of random effects (38)
Scrolls
 d - a scroll of teleportation
 e - a scroll of identify
 g - 2 scrolls of magic mapping
 t - a scroll of remove curse
Potions
 h - a potion of might
 k - 2 potions of lignification
 l - 3 potions of invisibility
 o - a potion of flight
 q - a potion of resistance
 s - a potion of brilliance
 u - a potion of heal wounds
Comestibles
 c - 6 rations


   Skills:
 + Level 6.9 Fighting
 + Level 8.5 Axes
 + Level 2.7 Armour
 + Level 4.6 Dodging
 + Level 3.0 Stealth


You had 8 spell levels left.
You didn't know any spells.

Dungeon Overview and Level Annotations

Branches:
Dungeon (6/15)             Temple (1/1) D:5

Altars:
Ashenzari
Cheibriados
Dithmenos
Elyvilon
Fedhas
Hepliaklqana
Kikubaaqudgha
Makhleb
Nemelex Xobeh
Okawaru
Qazlal
Ru
Sif Muna
Trog
Uskayaw
Vehumet
Xom
Yredelemnul
Zin
The Shining One

Shops:
D:5 *   D:6 :

Annotations:
D:6 Prince Ribbit


Innate Abilities, Weirdness & Mutations

You are resistant to torment.
Your stone body is resilient. (AC +6)
You are immune to poison.
You resist negative energy. (rN+)
You are resistant to electric shocks. (rElec)
You can survive without breathing.
You are immune to petrification.
You are immune to rotting.


Message History

You feel a strong urge to attack something.
Prince Ribbit blinks!
You feel your anger nearly subside.
You are no longer berserk.
You are exhausted.
You feel yourself slow down.
Prince Ribbit lets out a mournful croak.
You hit Prince Ribbit.
Prince Ribbit's magic leaks into the air.
Prince Ribbit is moderately wounded.
Prince Ribbit hits you!
* * * LOW HITPOINT WARNING * * *
Prince Ribbit hits you.
* * * LOW HITPOINT WARNING * * *
Prince Ribbit hits you!
* * * LOW HITPOINT WARNING * * *
Prince Ribbit barely misses you.
Unknown command.
As you read the scroll of teleportation, it crumbles to dust.
You feel strangely unstable. Prince Ribbit hits you.
You die...

#####...............# #
#...............#
######..............#
............#.......#
.........#########.##
.........# ##..####
........########......#..
........# #.!............
.....#.####.###.@........
####..!..........F.......
#####.##.....>.........∩.
..........#####..........
####......# #..........
####..##### #..........
......# ##.........
#.....# ##...(.#..
#.....# #####


You could see Prince Ribbit.

Vanquished Creatures
  The ghost of sanboga the Chopper, a novice GrBe of Trog (D:5)
  The ghost of Rocko1345 the Chopper, a novice MiFi of Yredelemnul (D:4)
  Sigmund (D:2)
  2 eyes of draining (D:4)
  A phantom (D:5)
  An ogre (D:6)
  2 centaurs
  The ghost of maximusg the Chopper, a weakling MiBe of Trog (D:3)
  4 wights (D:6)
  2 crimson imps
  3 hounds
  A jelly (D:6)
  2 orc wizards
  4 orc priests
  A centaur skeleton (D:4)
  2 iguanas
  7 gnolls (D:3)
  6 adders
  2 adder skeletons (D:4)
  An adder zombie (D:4)
  5 worms
  3 dart slugs
  A leopard gecko (D:5)
  13 orcs
  10 giant cockroaches
  4 hobgoblins
  5 kobolds
  A quokka (D:2)
  2 ball pythons
  4 bats
  4 frilled lizards
  A giant cockroach zombie (D:5)
  3 goblins
  A quokka skeleton (D:4)
  5 rats
107 creatures vanquished.

Notes
Turn   | Place    | Note
-------+----------+-------------------------------------------
     0 | D:1      | Fang the Gargoyle Berserker began the quest for the Orb.
     0 | D:1      | Reached XP level 1. HP: 14/14 MP: 1/1
   181 | D:1      | Reached XP level 2. HP: 12/19 MP: 2/2
   342 | D:1      | Reached skill level 3 in Axes
   877 | D:2      | Noticed Sigmund
   884 | D:2      | Killed Sigmund
   884 | D:2      | Reached skill level 4 in Axes
   884 | D:2      | Reached XP level 3. HP: 15/24 MP: 3/3
   884 | D:2      | Reached XP level 4. HP: 19/30 MP: 4/4
   884 | D:2      | Reached XP level 5. HP: 22/34 MP: 5/5
  1227 | D:2      | Noticed a centaur
  1234 | D:2      | Killed a centaur
  1234 | D:2      | Reached XP level 6. HP: 40/40 MP: 6/6
  1627 | D:3      | Noticed maximusg's ghost (weakling MiBe)
  1636 | D:3      | Killed maximusg's ghost
  1713 | D:3      | Reached ** piety under Trog
  1771 | D:3      | Found a hazy altar of Hepliaklqana.
  1797 | D:3      | Reached skill level 5 in Fighting
  1797 | D:3      | Reached skill level 1 in Stealth
  1804 | D:3      | Reached skill level 5 in Axes
  2161 | D:3      | Found a blossoming altar of Fedhas.
  2362 | D:3      | Reached XP level 7. HP: 44/44 MP: 7/7
  2567 | D:3      | Found a radiant altar of Vehumet.
  2893 | D:4      | Noticed Rocko1345's ghost (novice MiFi)
  3074 | D:4      | Killed Rocko1345's ghost
  3074 | D:4      | Reached skill level 6 in Axes
  3316 | D:4      | Reached XP level 8. HP: 37/51 MP: 8/8
  3704 | D:4      | Found a bloodstained altar of Trog.
  3869 | D:5      | Entered Level 5 of the Dungeon
  3940 | D:5      | Found Sotwyc's Assorted Antiques.
  3986 | D:5      | Reached skill level 7 in Axes
  4008 | D:5      | Reached *** piety under Trog
  4324 | D:5      | Noticed a yak
  4356 | D:5      | Found a stormy altar of Qazlal.
  4356 | D:5      | Noticed sanboga's ghost (novice GrBe)
  4377 | D:5      | Killed sanboga's ghost
  4377 | D:5      | Reached skill level 8 in Axes
  4377 | D:5      | Reached XP level 9. HP: 25/56 MP: 3/9
  4700 | D:5      | Found a staircase to the Ecumenical Temple.
  4749 | Temple   | Entered the Ecumenical Temple
  5774 | D:6      | Found an ancient bone altar of Kikubaaqudgha.
  5816 | D:6      | Found a snail-covered altar of Cheibriados.
  5816 | D:6      | Found a shimmering altar of Xom.
  5821 | D:6      | Found a faded altar of an unknown god.
  5823 | D:6      | Found a sacrificial altar of Ru.
  5825 | D:6      | Found a hide-covered altar of Uskayaw.
  5854 | D:6      | Noticed Prince Ribbit
  5862 | D:6      | Found Vimniann's Book Boutique.
  5874 | D:6      | HP: 2/56 [Prince Ribbit (8)]
  5875 | D:6      | Slain by Prince Ribbit

Skill      XL: |  1  2  3  4  5  6  7  8  9 |
---------------+----------------------------+-----
Axes           | 4 5 6 8 |  8.5
Fighting       | 4 5 6 |  6.9
Dodging        | 2 3 4 |  4.6
Stealth        | 1 2 3 |  3.0
Armour         | |  2.7

Action                   |  1- 3 |  4- 6 |  7- 9 || total
-------------------------+-------+-------+-------++-------
Melee: Hand axe          |    68 |   113 |   261 ||   442
Invok: Berserk           |     1 |     2 |    11 ||    14
  Use: Scroll            |       |       |    18 ||    18
 Stab: Sleeping          |       |     1 |     3 ||     4
  Eat: Chunk             |       |     4 |    10 ||    14
       Ration            |       |     1 |     3 ||     4
Armor: Animal skin       |    31 |    28 |    69 ||   128
Dodge: Dodged            |    46 |    72 |   132 ||   250
